Map: Blackpink LE

Players

FunbleFungus - Winner!

  • Race: Zerg Zerg
  • League: Platinum
  • Spawn Location: 1:00

bayak

  • Race: Protoss Protoss
  • League: Platinum
  • Spawn Location: 7:00

VOD

Have the link to the VOD?

Description

I bumbleheck around trying to figure out how to beat glowing aliens

Time

  • Played on: Dec. 2, 2017, 1:08 a.m.
  • Length: 19:20
Show
View Real Time Build Order
Export as new Build Order

FunbleFungus Zerg - Winner!

Build Orders: Hatch First 

Get SALT Encoding   

  12  0:01  Drone  
  13  0:13  Overlord  
  13  0:19  Drone  
  14  0:32  Drone x2  
  16  0:52  Hatchery  
  16  0:53  Drone  
  16  0:56  Drone  
  17  1:16  Extractor  
  17  1:18  Spawning Pool  
  15  1:19  Drone  
  15  1:20  Drone  
  15  1:25  Drone  
  18  1:48  Drone  
  18  1:51  Overlord  
  19  2:04  Queen  
  19  2:05  Queen  
  19  2:06  Zergling x4  
  25  2:09  Zergling x2  
  26  2:17  Metabolic Boost  
  26  2:21  Zergling x2  
  27  2:34  Drone x3  
  30  2:46  Drone  
  30  2:47  Zergling x6  
  33  3:06  Zergling x4  
  35  3:26  Overlord x2  
  35  3:41  Zergling x2  
  35  3:42  Zergling x2, Overlord  
  36  3:54  Zergling x10  
  38  4:21  Zergling x2  
  38  4:22  Zergling x6  
  40  4:38  Drone x6  
  44  4:42  Hatchery  
  37  5:01  Zergling x8  
  37  5:03  Hatchery  
  40  5:10  Roach Warren  
  40  5:11  Drone x4  
  40  5:13  Overlord  
  43  5:15  Drone x3  
  45  5:21  Extractor  
  44  5:34  Overlord, Drone x3  
  47  5:35  Drone  
  47  5:36  Drone  
  47  5:41  Drone  
  50  5:49  Drone x3  
  53  5:58  Drone x2  
  53  6:00  Drone x2  
  53  6:01  Drone x2  
  53  6:02  Drone  
  60  6:08  Evolution Chamber  
  60  6:10  Lair  
  59  6:11  Evolution Chamber  
  59  6:13  Roach x3  
  59  6:14  Roach x2  
  59  6:15  Drone  
  59  6:17  Queen  
  71  6:19  Queen  
  71  6:21  Drone  
  71  6:25  Queen  
  76  6:39  Drone x6  
  83  6:40  Overlord x2, Drone  
  83  6:41  Overlord  
  83  6:45  Zerg Missile Weapons Level 1  
  83  6:47  Zerg Ground Armor Level 1  
  83  6:51  Roach  
  83  6:52  Roach  
  87  6:56  Extractor, Drone x2  
  87  6:57  Extractor  
  87  6:58  Drone  
  87  6:59  Overlord  
  88  7:02  Drone x3  
  88  7:06  Drone  
  92  7:10  Roach x4  
  100  7:23  Drone x3  
  100  7:29  Zergling x8  
  107  7:33  Roach x2  
  110  7:42  Spore Crawler  
  104  7:46  Spore Crawler  
  102  7:51  Roach  
  102  7:52  Roach x8  
  120  8:00  Glial Reconstitution  
  120  8:04  Overlord x6  
  120  8:08  Extractor  
  120  8:11  Extractor  
  118  8:15  Roach  
  111  8:27  Roach  
  111  8:28  Roach x6  
  111  8:33  Roach x2  
  129  8:35  Ravager  
  129  8:36  Roach x2  
  134  8:46  Drone x3  
  134  8:47  Overlord x2  
  134  8:48  Roach x4  
  136  9:08  Roach x3  
  136  9:09  Roach x4  
  113  9:21  Spore Crawler  
  113  9:23  Spore Crawler  
  101  9:25  Hydralisk Den  
  101  9:31  Zergling x14  
  101  9:32  Zergling x8, Overlord x3  
  111  9:42  Queen x4  
  111  9:43  Overlord  
  111  9:44  Overlord  
  119  9:48  Extractor  
  119  9:49  Extractor  
  117  9:54  Muscular Augments  
  117  9:55  Hydralisk x3  
  123  10:10  Hydralisk x4  
  131  10:22  Queen  
  131  10:26  Zerg Ground Armor Level 2  
  131  10:28  Zerg Missile Weapons Level 2  
  133  10:50  Hydralisk x6  
  106  11:17  Queen x4  
  110  11:38  Spire  
  109  11:41  Infestation Pit  
  109  11:43  Drone  
  109  11:44  Drone x3  
  109  11:45  Overlord, Drone x2  
  114  11:55  Zergling x2  
  114  11:56  Zergling x20  
  125  12:10  Queen  
  125  12:11  Queen  
  131  12:19  Hive  
  145  12:49  Burrow  
  148  13:05  Swarm Host  
  166  13:27  Zergling x10  
  166  13:28  Zergling x8  
  175  13:38  Zergling x4  
  196  14:59  Greater Spire  
  195  15:34  Corruptor x2  
  195  15:44  Corruptor  
  195  15:45  Corruptor  
  192  15:58  Hatchery, Corruptor x4  
  199  16:38  Corruptor  
  199  16:39  Corruptor x2  
  199  16:43  Brood Lord  
  199  16:44  Brood Lord x7  
  199  16:46  Zergling x6  
  199  16:47  Zergling x20  
  168  17:06  Corruptor  
  168  17:07  Corruptor x6  
  143  17:31  Corruptor x3  
  143  17:32  Zergling x2, Corruptor x4  
  143  17:33  Zergling x6  
  159  17:46  Zergling x2  
  159  17:47  Zergling x12  
  164  18:03  Brood Lord x5  
  168  18:21  Zergling x24  
  174  18:41  Brood Lord x5  
Show
View Real Time Build Order
Export as new Build Order

bayak Protoss 

Build Orders: 1 Gate Expand 

Get SALT Encoding   

  12  0:00  Probe  
  13  0:13  Probe  
  14  0:31  Pylon  
  14  0:32  Probe  
  15  0:49  Probe  
  16  0:52  Gateway  
  16  0:59  Assimilator  
  16  1:01  Probe  
  17  1:13  Probe  
  18  1:25  Probe  
  19  1:36  Nexus  
  19  1:45  Pylon  
  19  1:46  Probe  
  20  1:58  Probe, Zealot  
  23  2:06  Cybernetics Core  
  23  2:12  Probe  
  24  2:22  Assimilator  
  24  2:24  Probe  
  24  2:25  Pylon  
  25  2:32  Warp Gate  
  25  2:36  Probe  
  26  2:48  Probe x2  
  28  2:58  Stalker (Chrono Boost)  
  28  3:00  Probe x2  
  32  3:07  Gateway  
  32  3:11  Pylon  
  32  3:12  Probe  
  33  3:27  Pylon  
  33  3:36  Shield Battery  
  33  3:40  Shield Battery  
  31  3:42  Probe  
  31  3:43  Probe  
  35  3:53  Zealot (Chrono Boost)  
  35  3:56  Probe x2  
  35  3:57  Stalker (Chrono Boost)  
  39  4:18  Pylon  
  39  4:23  Pylon  
  37  4:47  Gateway  
  37  4:48  Gateway  
  37  4:54  Gateway  
  37  5:08  Forge  
  37  5:23  Probe  
  37  5:24  Probe  
  39  5:32  Stargate  
  39  5:33  Robotics Facility  
  39  5:35  Gateway  
  39  5:36  Pylon, Probe x2  
  41  5:48  Probe x2  
  43  6:00  Probe (Chrono Boost), Assimilator  
  43  6:01  Probe (Chrono Boost)  
  43  6:02  Assimilator  
  45  6:09  Stalker x2  
  45  6:10  Stalker  
  53  6:11  Probe x2 (Chrono Boost)  
  53  6:14  Probe x2  
  58  6:28  Oracle (Chrono Boost)  
  58  6:29  Observer (Chrono Boost)  
  58  6:32  Probe x2  
  61  6:44  Probe x2  
  63  6:51  Protoss Ground Weapons Level 1  
  63  6:57  Immortal  
  63  7:01  Void Ray  
  67  7:02  Probe x2  
  67  7:07  Pylon  
  73  7:08  Pylon  
  73  7:10  Zealot  
  73  7:11  Zealot  
  77  7:18  Pylon  
  77  7:51  Probe x2  
  76  7:54  Immortal (Chrono Boost)  
  76  7:55  Void Ray  
  84  8:05  Stalker x4  
  88  8:30  Zealot x2  
  88  8:31  Zealot  
  94  8:39  Pylon  
  94  8:41  Pylon  
  94  8:57  Immortal  
  90  9:02  Zealot  
  90  9:03  Zealot x3  
  88  9:13  Probe x2  
  86  9:25  Probe x2  
  88  9:39  Nexus  
  88  9:43  Assimilator  
  88  9:47  Assimilator  
  88  9:48  Immortal  
  88  9:49  Void Ray  
  88  9:51  Pylon  
  88  9:52  Pylon  
  96  9:54  Pylon  
  96  9:56  Pylon  
  96  10:04  Probe x2  
  98  10:07  Stalker  
  98  10:12  Stalker x3  
  106  10:30  Immortal (Chrono Boost)  
  106  10:32  Void Ray (Chrono Boost)  
  114  10:38  Probe x2  
  114  10:40  Protoss Ground Armor Level 1 (Chrono Boost)  
  116  10:43  Zealot x4  
  124  10:57  Probe x2  
  120  11:04  Stalker  
  120  11:05  Stalker x3  
  124  11:24  Probe x3  
  127  11:30  Gateway  
  127  11:32  Photon Cannon  
  127  11:36  Photon Cannon  
  127  11:38  Photon Cannon  
  127  11:40  Shield Battery  
  127  11:41  Gateway  
  127  11:44  Gateway  
  127  11:45  Gateway  
  127  11:46  Probe  
  127  11:47  Probe x2  
  130  11:58  Void Ray (Chrono Boost)  
  130  12:03  Robotics Bay  
  130  12:06  Twilight Council, Immortal (Chrono Boost)  
  138  12:14  Zealot  
  138  12:15  Zealot x2  
  144  12:49  Immortal (Chrono Boost)  
  144  12:50  Void Ray (Chrono Boost)  
  152  12:51  Templar Archives  
  152  13:04  Zealot x2  
  156  13:07  Pylon  
  156  13:12  Pylon x2  
  156  13:13  Pylon  
  156  13:15  Pylon x2  
  156  13:16  Pylon  
  156  13:17  Psionic Storm  
  156  13:19  Pylon  
  156  13:23  Protoss Ground Weapons Level 2 (Chrono Boost)  
  156  13:27  Extended Thermal Lance (Chrono Boost)  
  156  13:31  Charge (Chrono Boost)  
  156  13:32  Colossus (Chrono Boost)  
  162  13:36  High Templar x3  
  162  13:37  High Templar x4  
  162  13:38  High Templar  
  178  13:46  Probe x3  
  181  14:35  High Templar  
  181  14:36  High Templar x5  
  181  14:37  High Templar x2  
  174  15:03  Pylon  
  174  15:05  Pylon  
  174  15:06  Pylon  
  174  15:08  Pylon  
  174  15:09  Zealot x5  
  174  15:10  Zealot  
  174  15:13  Colossus (Chrono Boost)  
  192  15:27  Protoss Ground Armor Level 2 (Chrono Boost)  
  166  15:42  Zealot x3  
  170  15:43  Zealot x3  
  178  16:17  Zealot x3  
  178  16:18  Zealot x4  
  162  16:48  Zealot x3  
  162  16:49  Zealot x4  
  140  17:29  Archon x5  
  84  17:44  Stalker x3  
  84  17:45  Stalker x3  
  84  17:46  Stalker  
  94  18:03  Stalker x3  
  94  18:04  Stalker x3  
Tags
 
Add a new tag
Caveats
  • Supply blocks, unpowered buildings, or Contaminate may cause inaccurate times.
  • Supply counts are checked every 10 seconds.